 Dungeon Crawl Stone Soup version 0.17.0-24-gcfadda4 (webtiles) character file.

98 dysrexia the Firebug (level 4, -6/30 HPs)
             Began as a Demonspawn Fire Elementalist on Nov 17, 2015.
             Was an Initiate of Vehumet.
             Killed from afar by an orc wizard (12 damage)
             ... with a puff of flame
             ... on level 2 of the Dungeon.
             The game lasted 00:12:20 (3070 turns).

dysrexia the Firebug (Demonspawn Fire Elementalist) Turns: 3070, Time: 00:12:21

Health: -6/30      AC:  3    Str:  9    XL:     4   Next: 43%
Magic:  4/7        EV: 12    Int: 17    God:    Vehumet [......]
Gold:   131        SH:  0    Dex: 13    Spells: 2 memorised, 3 levels left

rFire  . . .     SeeInvis .     (no weapon)
rCold  . . .     Clarity  .     a - +0 robe
rNeg   . . .     SustAt   .     (no shield)
rPois  +         Gourm    .     (no helmet)
rElec  .         Spirit   .     (no cloak)
rCorr  .         Warding  .     (no gloves)
rMut   .         Stasis   .     (no boots)
MR     .....                    (no amulet)
Stlth  ++........               p - ring of poison resistance
                                f - ring of wizardry

@: not resistant to hostile enchantments, unstealthy
A: claws 1, rugged brown scales 1
a: Renounce Religion


You were on level 2 of the Dungeon.
You worshipped Vehumet.
Vehumet was noncommittal.
You were not hungry.

You visited 1 branch of the dungeon, and saw 3 of its levels.

You collected 131 gold pieces.

Inventory:

Missiles
 h - 156 stones (quivered)
 i - 23 poisoned needles
Armour
 a - a +0 robe (worn)
Jewellery
 f - a ring of wizardry (left claw)
 p - a ring of poison resistance (right claw)
 q - an uncursed ring of magical power {unknown}
Scrolls
 j - 2 scrolls of identify
Potions
 d - a potion of haste
 e - a potion of degeneration {unknown}
 g - a potion of heal wounds
 k - a potion of magic {unknown}
 m - a potion of curing
 n - a potion of lignification {unknown}
Books
 b - a book of Flames

   Spells                             Type                      Level
   a - Flame Tongue                   Conjuration/Fire             1
   b - Throw Flame                    Conjuration/Fire             2
   c - Conjure Flame                  Conjuration/Fire             3
   d - Inner Flame                    Hexes/Fire                   3
   e - Sticky Flame                   Conjuration/Fire             4
   f - Fireball                       Conjuration/Fire             5
 s - Vehumet's Compendium of Combat Magic
   (You found it on level 2 of the Dungeon)

   Spells                             Type                      Level
   a - Magic Dart                     Conjuration                  1
 t - Kikubaaqudgha's Reference Book on Dark Magic
   (You found it on level 2 of the Dungeon)

   Spells                             Type                      Level
   a - Animate Skeleton               Necromancy                   1
 u - Sif Muna's Incunabulum of Transformation
   (You found it on level 2 of the Dungeon)

   Spells                             Type                      Level
   a - Beastly Appendage              Transmutation                1
Comestibles
 c - 3 bread rations
 l - 3 chunks of flesh
 r - 3 meat rations


   Skills:
 - Level 1.7 Dodging
 - Level 1.7 Stealth
 + Level 2.3 Spellcasting
 * Level 2.8 Conjurations
 * Level 3.7 Fire Magic


You had 3 spell levels left.
You knew the following spells:

 Your Spells              Type           Power        Failure   Level  Hunger
a - Flame Tongue          Conj/Fire      ##...        2%          1    #......
b - Conjure Flame         Conj/Fire      ##......     7%          3    ###....


Dungeon Overview and Level Annotations

Branches:
Dungeon (3/15)

Altars:
Kikubaaqudgha
Qazlal
Sif Muna
Vehumet


Innate Abilities, Weirdness & Mutations

You have sharp fingernails.
You are partially covered in rugged brown scales (AC +1, +3% HP).


Message History

* * * LOW HITPOINT WARNING * * *
Drink which item? (? for menu, Esc to quit)
You feel much better.
You hear some strange, mumbled words.
A puff of frost appears from out of thin air!
The puff of frost hits you! Something hits you but does no damage.
You hear some strange, mumbled words.
A puff of frost appears from out of thin air!
The puff of frost misses you.
A puff of flame appears from out of thin air!
The puff of flame hits you!
An orc wizard appears from thin air!
Reactivating autopickup.
The orc wizard casts a spell at you. The puff of frost hits you!
* * * LOW HITPOINT WARNING * * *
The orc wizard gestures at you while chanting.
The puff of flame hits you!
You die...

#.......'.........'....
##.).####.........####.
##>.# ##.......## ##
########.## ##.....## #
#.......).## ##...##
#.####....># ##'## #.#
##.###.# #.# #.# #..#
#.######.#### #{#
#..###@..........####
#.#
#..o...#####........#
#.###.###.##
#......##.###
#.........#
##...#.......
#####.###.#
#..#####.### #.....#
#.######.# #######
#........# ##########


You could see an orc wizard.

Vanquished Creatures
  2 adders (D:2)
  2 worms
  2 giant geckos
  6 orcs (D:3)
  5 goblins
  8 hobgoblins
  5 kobolds
  2 quokkas (D:2)
  2 ball pythons
  12 bats
  2 giant cockroaches
  2 giant newts (D:1)
  4 jackals (D:2)
  9 rats
63 creatures vanquished.

Notes
Turn   | Place    | Note
--------------------------------------------------------------
     0 | D:1      | dysrexia the Demonspawn Fire Elementalist began the quest for the Orb.
     0 | D:1      | Reached XP level 1. HP: 13/13 MP: 3/3
   407 | D:1      | Reached skill level 3 in Fire Magic
   477 | D:1      | Gained mutation: You are partially covered in rugged brown scales (AC +1, +3% HP). [demonic ancestry]
   477 | D:1      | Reached XP level 2. HP: 13/19 MP: 0/5
  1477 | D:2      | Found a stormy altar of Qazlal.
  1495 | D:2      | Gained mutation: You have sharp fingernails. [demonic ancestry]
  1495 | D:2      | Reached XP level 3. HP: 24/24 MP: 6/6
  1695 | D:2      | Learned a level 3 spell: Conjure Flame
  2004 | D:2      | Found a radiant altar of Vehumet.
  2006 | D:2      | Found a deep blue altar of Sif Muna.
  2006 | D:2      | Found an ancient bone altar of Kikubaaqudgha.
  2011 | D:2      | Identified Vehumet's Compendium of Combat Magic
  2018 | D:2      | Identified Kikubaaqudgha's Reference Book on Dark Magic
  2027 | D:2      | Identified Sif Muna's Incunabulum of Transformation
  2038 | D:2      | Became a worshipper of Vehumet
  2259 | D:2      | Reached XP level 4. HP: 25/30 MP: 7/7
  3070 | D:2      | Killed from afar by an orc wizard

Action                   |  1- 3 |  4- 6 || total
-------------------------+-------+-------++-------
Melee: Unarmed           |    35 |    13 ||    48
Throw: Stone             |     3 |     1 ||     4
 Cast: Flame Tongue      |    76 |    29 ||   105
       Conjure Flame     |     1 |     2 ||     3
  Use: Scroll            |       |     7 ||     7
       Potion            |       |     2 ||     2
  Eat: Chunk             |     5 |     3 ||     8
